 Dungeon Crawl Stone Soup version 0.21.1-1-g345015f (webtiles) character file.

263312 troglodite the Warrior (level 19, -10/165 HPs)
             Began as a Demonspawn Berserker on July 17, 2018.
             Was the Champion of Trog.
             Killed by a malign offering
             ... invoked by a deep elf high priest
              (11 damage)
             ... on level 3 of the Elven Halls on July 22, 2018.
             The game lasted 02:49:09 (47104 turns).

troglodite the Warrior (Demonspawn Berserker)      Turns: 47104, Time: 02:49:10

Health: -10/165    AC: 26    Str: 27    XL:     19   Next: 24%
Magic:  19/19      EV: 20    Int: 18    God:    Trog [******]
Gold:   3194       SH: 32    Dex: 31    Spells: 18/18 levels left

rFire    . . .     SeeInvis .   R - +9 dagger of Deformation {pierce, rN+ Int+3}
rCold    . . .     Gourm    .   W - +2 shield {reflect}
rNeg     + . .     Faith    .   d - +7 plate armour {MR+}
rPois    +         Spirit   .   y - +0 helmet
rElec    .         Reflect  +   z - +0 cloak
rCorr    .         Harm     .   P - +2 pair of gloves {archery}
MR       +++..                  (boots unavailable)
Stlth    +.........             G - amulet "Plog" {Reflect +Fly Str+5 Int+6 SH+6}
HPRegen  0.37/turn              F - ring of poison resistance
MPRegen  0.16/turn              m - ring of Ledoakluhu {MR+ Str-2 Dex+7}

@: mighty, agile, about to teleport, corroded, studying 2 skills
A: talons 3, large bone plates 2, demonic guardian 2, powered by pain 2,
augmentation 1
}: 2/15 runes: decaying, gossamer
a: Berserk, Trog's Hand, Brothers in Arms, Burn Spellbooks, Renounce Religion,
Evoke Flight


You were on level 3 of the Elven Halls.
You worshipped Trog.
Trog was exalted by your worship.
You were not hungry.

You visited 6 branches of the dungeon, and saw 34 of its levels.
You also visited: Labyrinth, Trove, Sewer, Bailey and Ice Cave.

You collected 3941 gold pieces.
You spent 747 gold pieces at shops.

Inventory:

Hand Weapons
 e - a +3 demon blade of electrocution
 o - the +5 scimitar of Lies {flame, -Tele *Noise +Fly Dex+9 SInv}
   (Trog gifted it to you in an ice cave)

   It has been specially enchanted to burn those struck by it, causing extra
   injury to most foes and up to half again as much damage against particularly
   susceptible opponents.
   Big, fiery blades are also staple armaments of hydra-hunters.
   It affects your dexterity (+9).
   It lets you see invisible.
   It lets you fly.
   It may make noises in combat.
   It prevents most forms of teleportation.
 R - the +9 dagger of Deformation (weapon) {pierce, rN+ Int+3}
   (You bought it in a shop on level 2 of the Orcish Mines)

   It inflicts extra damage upon your enemies.
   It affects your intelligence (+3).
   It protects you from negative energy.
 U - a +4 falchion of slicing
 X - the +2 demon trident of Ru's Favour {pierce, +Inv rPois MR+}
   (You found it in an ice cave)

   It inflicts extra damage upon your enemies.
   It protects you from poison.
   It affects your resistance to hostile enchantments.
   It lets you turn invisible.
Armour
 d - a +7 plate armour of magic resistance (worn)
 y - a +0 helmet (worn)
 z - a +0 cloak (worn)
 P - a +2 pair of gloves of archery (worn)
 Q - the -9 shield "Udduox" {-Cast +Inv Regen+ Int+3}
   (You bought it in a shop on level 2 of the Orcish Mines)

   It affects your intelligence (+3).
   It lets you turn invisible.
   It prevents spellcasting.
   It increases your rate of regeneration.
 W - a +2 shield of reflection (worn)
Jewellery
 m - the ring of Ledoakluhu (right hand) {MR+ Str-2 Dex+7}
   (You took it off a spriggan rider on level 4 of the Swamp)

   [ring of protection from magic]

   It affects your strength (-2).
   It affects your dexterity (+7).
   It affects your resistance to hostile enchantments.
 n - the ring of Teoczas {rF+ rC+}
   (You acquired it on level 3 of the Swamp)

   [ring of protection from fire]

   It protects you from fire.
   It protects you from cold.
 r - a +4 ring of protection
 F - a ring of poison resistance (left hand)
 G - the amulet "Plog" (around neck) {Reflect +Fly Str+5 Int+6 SH+6}
   (You acquired it on level 2 of the Orcish Mines)

   [amulet of reflection]

   It shields you and reflects attacks.
   It affects your strength (+5).
   It affects your intelligence (+6).
   It lets you fly.
   It affects your SH (+6).
 O - an uncursed ring of see invisible
Wands
 a - a wand of iceblast (11)
 j - a wand of digging (89)
 D - a wand of scattershot (8)
Scrolls
 i - 8 scrolls of fog
 l - 16 scrolls of remove curse
 s - 9 scrolls of teleportation
 u - 4 scrolls of enchant armour
 x - 9 scrolls of magic mapping
 B - 3 scrolls of summoning
 E - 7 scrolls of fear
 I - 5 scrolls of blinking
 M - a scroll of brand weapon
 T - 14 scrolls of identify
 V - a scroll of enchant weapon
Potions
 b - 9 potions of ambrosia
 f - 9 potions of lignification
 g - 7 potions of cancellation
 h - 6 potions of magic
 k - 10 potions of flight
 p - 3 potions of invisibility
 q - 16 potions of brilliance
 t - 4 potions of mutation
 v - 11 potions of curing
 w - 10 potions of heal wounds
 A - 6 potions of agility
 C - 2 potions of berserk rage
 J - 2 potions of might
 L - 4 potions of haste
 Y - a potion of resistance
Books
 H - a manual of Shields
 K - a manual of Stealth
 N - a book of Conjurations

   Spells                             Type                      Level
   a - Magic Dart                     Conjuration                  1
   b - Searing Ray                    Conjuration                  2
   c - Dazzling Spray                 Conjuration/Hexes            3
   d - Fulminant Prism                Conjuration/Hexes            4
   e - Force Lance                    Conjuration/Translocation    4
   f - Iskenderun's Mystic Blast      Conjuration                  4
   Trog disapproves of the use of such an item.
Comestibles
 c - 48 rations
 S - 4 chunks of flesh


   Skills:
 * Level 18.8 Fighting
 + Level 7.1(11.9) Short Blades
 + Level 14.6(15.2) Long Blades
 + Level 15.1 Armour
 + Level 7.9 Dodging
 + Level 5.5 Stealth
 + Level 18.5 Shields


You had 18 spell levels left.
You didn't know any spells.

Dungeon Overview and Level Annotations

Branches:
Dungeon (15/15)            Temple (0/1) D:7            Lair (6/6) D:10
  Swamp (4/4) Lair:4       Spider (4/4) Lair:4        Slime (0/5) Lair:5
    Orc (2/2) D:9             Elf (3/3) Orc:2        Vaults (0/5) D:13
 Depths (0/5) D:15

Altars:
Elyvilon
Kikubaaqudgha
Nemelex Xobeh
Okawaru
Ru
Sif Muna
Trog
Vehumet
Wu Jian
Xom
Yredelemnul
Zin
Beogh
Jiyva

Shops:
Orc:2 ?%([

Annotations:
Elf:2 1 runed door


Innate Abilities, Weirdness & Mutations

You have claws for feet.
You are mostly covered in large bone plates. (SH +6)
A demonic guardian rushes to your aid.
You sometimes gain power by taking damage.
Your magical and physical power is slightly enhanced at high health.


Message History

Your sixfirhy misses the deep elf high priest.
The deep elf sorcerer hits your sixfirhy with a hand axe of pain.
The deep elf high priest calls down the wrath of its god upon you.
Something smites you!
* * * LOW HITPOINT WARNING * * *
The deep elf sorcerer howls an incantation.
The deep elf sorcerer's hands start to glow.
The deep elf sorcerer casts a spell at you.
The bolt of acid hits your sixfirhy.
Your sixfirhy is splashed with acid.
The bolt of acid hits you!
* * * LOW HITPOINT WARNING * * *
You focus on the pain.
You feel very mighty all of a sudden.
You are splashed with acid!
The acid burns!
* * * LOW HITPOINT WARNING * * *
Something hits your sixfirhy!
Your sixfirhy dies!
The deep elf high priest utters a dark prayer and points at you.
Your life force is offered up.
You die...

..... ## .3. ##4## ###
#...#### #.# ######e..#..###
##.## ......#e......#
##...## #####.#.##.#..#
##...... ####.#e.####.#
#......) #. #.......@.##.#
#....... .##.##.#.##.##.#
#...<... # ......#.##.##.###
##.....#
###...............#####...##
......##.######(.).........
#.#...(§#.######)#####..####
#.#§EEE.#.)......# #..## .#
#E)#........# #...###
#.#.##§3#.....)..# #?....#


You could see a deep elf annihilator, a deep elf sorcerer and a deep elf high
priest.

Vanquished Creatures
  Saint Roka (Orc:2)
  3 deep elf blademasters
  2 deep elf master archers (Elf:3)
  Kirke (D:15)
  Agnes (Spider:1)
  Donald (Swamp:3)
  2 thorn hunters (Swamp:4)
  3 azure jellies (Lair:5)
  7 ghost moths
  4 deep elf sorcerers (Elf:3)
  2 emperor scorpions (Spider:4)
  A reaper (IceCv)
  A very ugly thing (Swamp:4)
  2 entropy weavers
  The ghost of Bnni the Carver, a journeyman OpGl of Gozag (Lair:3)
  4 deep elf demonologists
  A dire elephant (Lair:5)
  A deep elf annihilator (Elf:3)
  The ghost of aaksess the Fighter, a journeyman HOMo of Beogh (Lair:3)
  2 green deaths (Swamp:4)
  2 spark wasps
  Snorg (Orc:1)
  A minotaur (Lab)
  Josephine (D:15)
  3 deep elf high priests
  Erolcha (D:10)
  2 ghost crabs
  3 centaur warriors
  18 hydras
  26 dancing weapons
  10 alligators
  2 tengu warriors (D:13)
  A death yak (Lair:6)
  7 two-headed ogres
  A thrashing horror (Swamp:4)
  3 orc high priests
  Nergalle (Orc:1)
  11 deep elf knights
  A spriggan druid (Swamp:4)
  An unseen horror (D:14)
  A wizard (D:15)
  3 shambling mangroves
  An orange crystal statue (D:12)
  2 necromancers
  7 swamp dragons
  3 orc knights
  2 wolf spider zombies (D:15)
  8 ugly things
  2 deep elf archers (Elf:3)
  12 orb spiders
  36 deep elf magi
  4 orc sorcerers
  4 cyclopes
  5 oklob plants
  29 wolf spiders
  A manticore (D:14)
  A moth of wrath (Spider:2)
  2 naga magi (D:15)
  7 centaur zombies
  6 torpor snails
  24 elephants
  A molten gargoyle (Lair:6)
  2 ice statues (IceCv)
  5 black mambas
  10 spiny frogs
  2 orange demons (Swamp:4)
  2 gargoyles (D:15)
  4 rime drakes
  12 demonic crawlers
  8 komodo dragons
  7 ice devils (IceCv)
  40 jumping spiders
  3 minotaur zombies (Lab)
  A queen bee (D:11)
  8 trolls
  11 tyrant leeches
  A troll (shapeshifter) (D:15)
  Grinder (D:4)
  21 hornets
  9 polar bears (Lair:6)
  17 slime creatures
  14 hippogriffs
  4 raiju (Lair:6)
  3 bog bodies
  8 blink frogs
  81 redbacks
  5 shadows
  2 water elementals
  2 centaur simulacra
  An air elemental (Elf:2)
  4 spriggans
  4 wraiths
  32 yaks
  6 wyverns
  A vampire (D:11)
  A spriggan (shapeshifter) (D:15)
  2 hogs (D:15)
  2 hungry ghosts
  30 tarantellas
  2 fire elementals
  6 vampire mosquitoes
  4 basilisks
  28 swamp worms
  5 insubstantial wisps (Swamp:1)
  7 wargs
  2 large abominations (Swamp:4)
  A soldier ant (D:13)
  13 hell hounds (Lair:6)
  2 acid dragons
  8 water moccasins
  6 swamp drakes
  13 ice beasts
  6 porcupines
  5 sky beasts
  16 black bears
  42 orc warriors
  An eye of draining (D:10)
  22 ogres
  20 centaurs
  14 wolves
  3 phantoms
  14 crocodiles
  2 big kobolds
  13 bullfrogs
  A gnoll sergeant (D:5)
  A wyvern zombie (D:9)
  2 wyvern skeletons
  7 scorpions
  30 killer bees
  A killer bee (shapeshifter) (D:15)
  A troll zombie (D:9)
  3 howler monkeys (D:10)
  4 wights (D:9)
  4 electric eels
  6 crimson imps
  4 lava snakes (Lab)
  3 centaur skeletons
  2 bullfrog zombies
  22 orc priests
  14 hounds
  8 jellies
  24 orc wizards
  4 bullfrog skeletons
  A gnoll shaman (Orc:1)
  7 iguanas
  Ijyb (D:3)
  8 worker ants
  4 yak simulacra (D:13)
  4 polar bear simulacra (D:13)
  A wolf simulacrum (D:13)
  8 ogre zombies
  A hound zombie (D:11)
  A hound skeleton (D:6)
  Robin (D:4)
  15 gnolls
  13 adders
  4 river rats (Sewer)
  2 shadow imps
  9 white imps (IceCv)
  4 ufetubi (IceCv)
  7 oozes
  7 worms
  3 dart slugs
  6 leopard geckos
  120 orcs
  3 giant cockroaches
  11 hobgoblins
  8 jackals
  2 quokkas
  11 ball pythons (Sewer)
  6 bats
  8 frilled lizards
  14 goblins
  A goblin skeleton (D:9)
  A goblin zombie (D:9)
  A hobgoblin skeleton (D:9)
  A hobgoblin zombie (D:9)
  18 kobolds
  A leopard gecko skeleton (D:8)
  9 orc zombies (D:9)
  A quokka skeleton (D:4)
  27 rats
  2 river rat simulacra (D:13)
  3 fungi (Lair:6)
  6 plants (Lair:2)
1421 creatures vanquished.

Vanquished Creatures (collateral kills)
  the Lernaean hydra (Swamp:4)
  A thorn hunter (Swamp:4)
  A deep elf sorcerer (Elf:3)
  A ghost moth (Spider:4)
  A deep elf annihilator (Elf:3)
  A deep elf death mage (Elf:3)
  A hydra (Swamp:4)
  A swamp dragon (Swamp:3)
  Pikel (D:5)
  2 deep elf magi
  An orb spider (Spider:2)
  An ugly thing (Swamp:4)
  An orc sorcerer (Orc:2)
  A black mamba (Lair:2)
  2 elephants (Lair:5)
  A spiny frog (Lair:6)
  2 orange demons (Swamp:4)
  2 ice devils (IceCv)
  2 komodo dragons
  A jumping spider (Spider:1)
  A tyrant leech (Swamp:4)
  A blink frog (Lair:2)
  A hornet (Swamp:4)
  4 bog bodies (Swamp:4)
  3 slime creatures
  2 redbacks (Spider:1)
  A tarantella (Spider:4)
  4 yaks
  A spriggan (Swamp:4)
  2 hungry ghosts (D:9)
  3 vampire mosquitoes (Swamp:3)
  2 wargs (Orc:2)
  2 water moccasins
  3 orc warriors (Orc:2)
  2 swamp drakes
  A phantom (D:11)
  An ogre (D:6)
  2 centaurs (Bailey)
  A bullfrog (D:6)
  A scorpion (D:4)
  11 killer bees
  3 orc priests
  3 orc wizards
  A worker ant (D:4)
  3 gnolls
  An ufetubus (IceCv)
  19 orcs
  2 giant cockroaches
  4 goblins (D:9)
  A ball python (Sewer)
  A frilled lizard (Sewer)
  A hobgoblin skeleton (D:9)
  A hobgoblin zombie (D:9)
  10 orc zombies (D:9)
124 creatures vanquished.

Vanquished Creatures (others)
  A deep elf master archer (Elf:3)
  A deep elf knight (Elf:2)
  A deep elf archer (Elf:2)
  A slave (D:5)
  A centaur (D:14)
  An orc wizard (D:15)
  5 white imps (IceCv)
  3 ufetubi (IceCv)
  A leopard gecko (D:5)
  An orc (D:5)
  A jackal zombie (D:5)
  63 fungi
  31 plants
111 creatures vanquished.

Grand Total: 1656 creatures vanquished

Notes
Turn   | Place    | Note
-------+----------+-------------------------------------------
     0 | D:1      | troglodite the Demonspawn Berserker began the quest for the Orb.
     0 | D:1      | Reached XP level 1. HP: 18/18 MP: 1/1
   169 | D:1      | Gained mutation: You have sharp toenails. [demonic ancestry]
   169 | D:1      | Reached XP level 2. HP: 24/24 MP: 2/2
  1042 | D:2      | Reached XP level 3. HP: 29/29 MP: 3/3
  1112 | D:2      | Reached ** piety under Trog
  1141 | D:2      | Reached XP level 4. HP: 30/37 MP: 4/4
  1698 | D:3      | Noticed Ijyb
  1705 | D:3      | Paralysed by Ijyb for 2 turns
  1711 | D:3      | Killed Ijyb
  1901 | D:3      | Gained mutation: A weak demonic guardian rushes to your aid. [demonic ancestry]
  1901 | D:3      | Reached XP level 5. HP: 42/42 MP: 5/5
  2021 | D:3      | Found a glowing drain.
  2046 | Sewer    | Entered a sewer
  2125 | Sewer    | Reached *** piety under Trog
  2146 | Sewer    | Reached skill level 1 in Shields
  2456 | Sewer    | Reached XP level 6. HP: 35/48 MP: 6/6
  2790 | Sewer    | Reached **** piety under Trog
  3469 | D:4      | Found a deep blue altar of Sif Muna.
  3482 | D:4      | Noticed Robin
  3502 | D:4      | Killed Robin
  3556 | D:4      | Gained mutation: You have razor-sharp toenails. [demonic ancestry]
  3556 | D:4      | Reached XP level 7. HP: 49/55 MP: 7/7
  4281 | D:4      | Reached skill level 5 in Fighting
  4667 | D:4      | Noticed Grinder
  4674 | D:4      | Paralysed by Grinder for 7 turns
  4685 | D:4      | Killed Grinder
  4685 | D:4      | Reached skill level 5 in Long Blades
  4685 | D:4      | Reached XP level 8. HP: 62/62 MP: 8/8
  5372 | D:5      | Entered Level 5 of the Dungeon
  5511 | D:5      | Reached ***** piety under Trog
  5802 | D:5      | Reached skill level 5 in Armour
  5928 | D:5      | Noticed Pikel
  5949 | D:5      | Killed Pikel
  5949 | D:5      | Reached skill level 1 in Stealth
  6038 | D:5      | Gained mutation: You sometimes gain a little power by taking damage. [demonic ancestry]
  6038 | D:5      | Reached XP level 9. HP: 69/69 MP: 9/9
  6059 | D:5      | Found a white marble altar of Elyvilon.
  6067 | D:5      | Found a sparkling altar of Nemelex Xobeh.
  6067 | D:5      | Found a glowing silver altar of Zin.
  6071 | D:5      | Found an ornate altar of the Wu Jian Council.
  6072 | D:5      | Found a basalt altar of Yredelemnul.
  6399 | D:6      | Reached skill level 5 in Shields
  6400 | D:6      | Received a gift from Trog
  6416 | D:6      | Reached skill level 5 in Dodging
  6557 | D:6      | Found an iron altar of Okawaru.
  6805 | D:6      | Received a gift from Trog
  7084 | D:7      | Reached XP level 10. HP: 77/77 MP: 3/10
  7147 | D:7      | Found a staircase to the Ecumenical Temple.
  7685 | D:8      | Found a radiant altar of Vehumet.
  7731 | D:8      | Identified the Reference Book on Transmutation and the Volcanoes
  7800 | D:8      | Found a sacrificial altar of Ru.
  8336 | D:9      | Found a flagged portal.
  8352 | Bailey   | Entered a bailey
  9631 | D:9      | Noticed a two-headed ogre
  9641 | D:9      | Killed a two-headed ogre
  9741 | D:9      | Found the +2 pair of boots of the Assassin {Detection Stab+ Stlth++}
  9813 | D:9      | Found a staircase to the Orcish Mines.
  9838 | D:9      | Received a gift from Trog
  9913 | D:9      | Gained mutation: You are partially covered in large bone plates. (SH +4) [demonic ancestry]
  9913 | D:9      | Reached XP level 11. HP: 44/86 MP: 3/11
 11020 | D:10     | Entered Level 10 of the Dungeon
 11142 | D:10     | Noticed Erolcha
 11162 | D:10     | Killed Erolcha
 11203 | D:10     | Reached ****** piety under Trog
 11304 | D:10     | Received a gift from Trog
 11941 | D:10     | Received a gift from Trog
 12129 | D:10     | Found a staircase to the Lair.
 13465 | D:11     | Reached XP level 12. HP: 95/95 MP: 4/12
 13559 | D:11     | Noticed a two-headed ogre
 13572 | D:11     | Killed a two-headed ogre
 13704 | D:11     | Got a steaming leather armour
 13715 | D:11     | Identified the cursed +1 leather armour "Eneuno Zaom" {*Slow rPois Str+10 Dex+2} (You found it on level 11 of the Dungeon)
 13922 | Orc:1    | Entered Level 1 of the Orcish Mines
 13926 | Orc:1    | Received a gift from Trog
 14161 | Orc:1    | Noticed Nergalle
 14166 | Orc:1    | Noticed an orc high priest
 14173 | Orc:1    | Killed Nergalle
 14185 | Orc:1    | Killed an orc high priest
 14527 | Orc:1    | Reached skill level 10 in Armour
 14855 | Orc:2    | Entered Level 2 of the Orcish Mines
 15094 | Orc:2    | Reached skill level 10 in Long Blades
 15107 | Orc:2    | Found a roughly hewn altar of Beogh.
 15109 | Orc:2    | Found a staircase to the Elven Halls.
 15148 | Orc:2    | Noticed Saint Roka
 15154 | Orc:2    | Noticed an orc high priest
 15160 | Orc:2    | HP: 4/97 [Saint Roka/divine providence (16)]
 15179 | Orc:2    | Received a gift from Trog
 15539 | Orc:2    | Killed Saint Roka
 15539 | Orc:2    | Reached skill level 10 in Fighting
 15539 | Orc:2    | Reached skill level 10 in Shields
 15542 | Orc:2    | Paralysed by an orc sorcerer for 4 turns
 15733 | Orc:2    | Killed an orc high priest
 15858 | Orc:2    | Found a roughly hewn altar of Beogh.
 15982 | Orc:2    | Found a roughly hewn altar of Beogh.
 16019 | Orc:2    | Found a roughly hewn altar of Beogh.
 16145 | Orc:2    | Found a roughly hewn altar of Beogh.
 16170 | Orc:2    | Found Wonelaji's Magic Scroll Shop.
 16356 | Orc:2    | Gained mutation: You are mostly covered in large bone plates. (SH +6) [demonic ancestry]
 16356 | Orc:2    | Reached XP level 13. HP: 92/103 MP: 13/13
 16675 | Orc:1    | Noticed Snorg
 16682 | Orc:1    | Killed Snorg
 16881 | Orc:2    | Found Umonae's Antique Weapon Emporium.
 16882 | Orc:2    | Found a roughly hewn altar of Beogh.
 16888 | Orc:2    | Found Bigilich's Antique Armour Shoppe.
 16904 | Orc:2    | Bought a twisted shield for 256 gold pieces
 16910 | Orc:2    | Bought an ichor-stained dagger for 259 gold pieces
 16910 | Orc:2    | Identified the +9 dagger of Deformation {pierce, rN+ Int+3} (You bought it in a shop on level 2 of the Orcish Mines)
 16921 | Orc:2    | Identified the -9 shield "Udduox" {-Cast +Inv Regen+ Int+3} (You bought it in a shop on level 2 of the Orcish Mines)
 17010 | Orc:2    | Found a roughly hewn altar of Beogh.
 17049 | Orc:2    | Found Orin's Food Shoppe.
 17074 | Orc:2    | Found a roughly hewn altar of Beogh.
 17273 | Orc:2    | Bought a scroll of enchant armour for 112 gold pieces
 17273 | Orc:2    | Bought a scroll of identify for 30 gold pieces
 17273 | Orc:2    | Bought a scroll of identify for 30 gold pieces
 17273 | Orc:2    | Bought a scroll of identify for 30 gold pieces
 17273 | Orc:2    | Bought a scroll of identify for 30 gold pieces
 17276 | Orc:2    | Identified a scroll of acquirement
 17278 | Orc:2    | Got a bound silver amulet
 17280 | Orc:2    | Identified the amulet "Plog" {Reflect +Fly Str+5 Int+6 SH+6} (You acquired it on level 2 of the Orcish Mines)
 17498 | Lair:1   | Entered Level 1 of the Lair of Beasts
 17550 | Lair:1   | Received a gift from Trog
 17584 | Lair:1   | Reached skill level 1 in Short Blades
 18877 | Lair:2   | Found a bloodstained altar of Trog.
 19858 | Lair:3   | Noticed Bnni's ghost (journeyman OpGl)
 19892 | Lair:3   | Killed Bnni's ghost
 19909 | Lair:3   | Got a twisted ring mail
 19921 | Lair:3   | Identified the +2 ring mail of Birdsong {rPois Dex-5 Stlth+} (You found it on level 3 of the Lair of Beasts)
 20090 | Lair:3   | Noticed aaksess's ghost (journeyman HOMo)
 20120 | Lair:3   | Killed aaksess's ghost
 21547 | Lair:4   | Received a gift from Trog
 21955 | Lair:4   | Reached XP level 14. HP: 113/113 MP: 14/14
 21976 | Lair:4   | Reached skill level 5 in Short Blades
 22156 | Lair:4   | Found a hole to the Spider Nest.
 22475 | Lair:4   | Found a staircase to the Swamp.
 23386 | Lair:5   | Received a gift from Trog
 24127 | Lair:5   | Found a runed door.
 24129 | Lair:5   | Found a viscous altar of Jiyva.
 24130 | Lair:5   | Noticed an azure jelly
 24132 | Lair:5   | Found a staircase to the Slime Pits.
 24132 | Lair:5   | Noticed an azure jelly
 24133 | Lair:5   | Noticed an azure jelly
 24149 | Lair:5   | Killed an azure jelly
 24157 | Lair:5   | Killed an azure jelly
 24162 | Lair:5   | Killed an azure jelly
 24452 | Lair:6   | Entered Level 6 of the Lair of Beasts
 24477 | Lair:6   | Found a frozen archway.
 24827 | IceCv    | Entered an ice cave
 25161 | IceCv    | Received a gift from Trog
 25164 | IceCv    | Got a scorched scimitar {god gift}
 25171 | IceCv    | Identified the +5 scimitar of Lies {flame, -Tele *Noise +Fly Dex+9 SInv} (Trog gifted it to you in an ice cave)
 25785 | IceCv    | Noticed a reaper
 25802 | IceCv    | Killed a reaper
 25928 | IceCv    | Got a shimmering demon trident
 25929 | IceCv    | Identified the +2 demon trident of Ru's Favour {pierce, +Inv rPois MR+} (You found it in an ice cave)
 26425 | Lair:6   | Gained mutation: You sometimes gain power by taking damage. [demonic ancestry]
 26425 | Lair:6   | Reached XP level 15. HP: 119/120 MP: 15/15
 27712 | Swamp:1  | Entered Level 1 of the Swamp
 28220 | Swamp:1  | Received a gift from Trog
 30272 | Swamp:3  | Noticed Donald
 30486 | Swamp:3  | Killed Donald
 31078 | Swamp:3  | Got a scintillating iron ring
 31080 | Swamp:3  | Identified the ring of Teoczas {rF+ rC+} (You acquired it on level 3 of the Swamp)
 31122 | Swamp:4  | Entered Level 4 of the Swamp
 31269 | Swamp:4  | Noticed the 27-headed Lernaean hydra
 31335 | Swamp:4  | Received a gift from Trog
 31335 | Swamp:4  | Gained mutation: You have claws for feet. [demonic ancestry]
 31335 | Swamp:4  | Reached XP level 16. HP: 50/133 MP: 16/16
 31524 | Swamp:4  | Noticed a thorn hunter
 31531 | Swamp:4  | Killed a thorn hunter
 31611 | Swamp:4  | Noticed a thorn hunter
 31617 | Swamp:4  | Paralysed by a hornet for 3 turns
 31637 | Swamp:4  | Killed a thorn hunter
 31680 | Swamp:4  | Got a faintly glowing amber ring
 32120 | Swamp:4  | Killed the 26-headed Lernaean hydra
 32542 | Swamp:4  | Noticed a thorn hunter
 32555 | Swamp:4  | Killed a thorn hunter
 32782 | Swamp:4  | Reached skill level 15 in Fighting
 32964 | Swamp:4  | Received a gift from Trog
 33003 | Swamp:4  | Identified the ring of Ledoakluhu {MR+ Str-2 Dex+7} (You took it off a spriggan rider on level 4 of the Swamp)
 33228 | Swamp:4  | Got a decaying rune of Zot
 33492 | Spider:1 | Entered Level 1 of the Spider Nest
 33542 | Spider:1 | Noticed Agnes
 33558 | Spider:1 | Killed Agnes
 33922 | Spider:1 | Found the +6 shillelagh "Devastator" {shatter}
 34820 | Spider:2 | Received a gift from Trog
 34941 | Spider:2 | Reached skill level 15 in Shields
 35095 | Spider:2 | Gained mutation: Your magical and physical power is slightly enhanced at high health. [demonic ancestry]
 35095 | Spider:2 | Reached XP level 17. HP: 140/144 MP: 17/17
 35933 | Spider:3 | Received a gift from Trog
 35946 | Spider:3 | Found the +10 zealot's sword {holy, *Rage rN+ EV+3}
 36710 | Spider:4 | Entered Level 4 of the Spider Nest
 37743 | Spider:4 | Received a gift from Trog
 38636 | Spider:4 | Got a gossamer rune of Zot
 38918 | D:12     | Found a glowing silver altar of Zin.
 38978 | D:12     | Found a labyrinth entrance.
 38990 | Lab      | Entered a labyrinth
 39327 | Lab      | Found the +3 salamander hide armour {+Rage rF++}
 39751 | D:12     | Got an ichor-stained chain mail
 39762 | D:12     | Identified the cursed +0 chain mail of the Morning {rN+ MR- rCorr} (You found it on level 12 of the Dungeon)
 40685 | D:13     | Found a gate to the Vaults.
 40930 | D:13     | Received a gift from Trog
 41842 | D:14     | Reached XP level 18. HP: 155/155 MP: 18/18
 42174 | D:15     | Entered Level 15 of the Dungeon
 42559 | D:15     | Found a portal to a secret trove of treasure.
 42569 | D:15     | You paid a toll of a +8 demon blade to enter a treasure trove
 42570 | Trove    | Entered a treasure trove
 42633 | Trove    | Received a gift from Trog
 42717 | D:15     | Noticed Josephine
 42725 | D:15     | Killed Josephine
 42764 | D:15     | Found a sparkling altar of Nemelex Xobeh.
 42934 | D:15     | Noticed Kirke
 42944 | D:15     | Killed Kirke
 43093 | D:15     | Found a staircase to the Depths.
 43528 | Elf:1    | Entered Level 1 of the Elven Halls
 43569 | Elf:1    | Reached skill level 5 in Stealth
 44020 | Elf:1    | Received a gift from Trog
 44629 | Elf:2    | Found a runed door.
 44660 | Elf:2    | Found a runed door.
 44872 | Elf:2    | Received a gift from Trog
 45458 | Elf:2    | Reached skill level 15 in Armour
 45693 | Elf:3    | Entered Level 3 of the Elven Halls
 45770 | Elf:3    | Gained mutation: A demonic guardian rushes to your aid. [demonic ancestry]
 45770 | Elf:3    | Reached XP level 19. HP: 142/165 MP: 19/19
 45880 | Elf:3    | Found an ancient bone altar of Kikubaaqudgha.
 45979 | Elf:3    | Found a shimmering altar of Xom.
 46513 | Elf:3    | Noticed a Brimstone Fiend
 47104 | Elf:3    | HP: 1/165 [acid (13)]
 47104 | Elf:3    | Killed from afar by a deep elf high priest

Skill      XL: |  1  2  3  4  5  6  7  8  9 10 11 12 13 14 15 16 17 18 |
---------------+-------------------------------------------------------+-----
Dodging        | 2 3 4 5 6 7 |  7.9
Armour         | 2 3 4 5 6 7 9 10 12 13 14 15 | 15.1
Long Blades    | 3 4 5 6 7 9 10 11 12 13 14 | 14.6
Fighting       | 4 5 6 7 9 10 11 12 14 15 17 18 | 18.8
Shields        | 1 2 3 4 6 7 9 10 11 12 14 15 16 18 | 18.5
Stealth        | 1 2 3 4 5 |  5.5
Short Blades   | 4 6 7 |  7.1

Action                   |  1- 3 |  4- 6 |  7- 9 | 10-12 | 13-15 | 16-18 | 19-21 || total
-------------------------+-------+-------+-------+-------+-------+-------+-------++-------
Melee: Falchion          |    62 |   293 |   331 |   881 |       |       |       ||  1567
       Kick              |    13 |    69 |   104 |    18 |       |   863 |    48 ||  1115
       Demon blade       |       |       |       |   390 |     2 |  1118 |       ||  1510
       Long sword        |       |       |       |   213 |    49 |       |       ||   262
       Dagger            |       |       |       |       |  2141 |       |    68 ||  2209
       Scimitar          |       |       |       |       |   547 |   511 |    22 ||  1080
Invok: Berserk           |     2 |     6 |     7 |    15 |    21 |     5 |       ||    56
       Burn Spellbooks   |       |       |       |     3 |     1 |     6 |       ||    10
       Brothers in Arms  |       |       |       |     3 |     4 |     5 |       ||    12
Evoke: Wand              |       |       |       |       |       |     1 |       ||     1
  Use: Scroll            |     2 |     7 |     6 |    11 |    22 |    11 |     5 ||    64
       Potion            |       |       |       |     3 |     1 |     3 |     1 ||     8
 Stab: Sleeping          |     1 |       |       |     6 |       |       |       ||     7
       Distracted        |       |     1 |     1 |    10 |    30 |    17 |     1 ||    60
       Confused          |       |       |       |       |     3 |       |       ||     3
  Eat: Chunk             |     1 |    15 |    19 |    38 |    39 |    28 |       ||   140
       Ration            |       |       |       |     6 |    10 |     8 |     1 ||    25
Armor: Animal skin       |     4 |       |       |       |       |       |       ||     4
       Plate armour      |    14 |   229 |   240 |   480 |   847 |   562 |    10 ||  2382
       Acid dragon scale |       |       |       |    65 |       |       |       ||    65
Dodge: Dodged            |    30 |    49 |    59 |   369 |   567 |   360 |    12 ||  1446
Block: Shield            |       |   155 |   199 |  1129 |  2857 |  1893 |    77 ||  6310
       Reflection        |       |       |       |       |    36 |    63 |     8 ||   107
       Other             |       |       |       |       |     1 |       |       ||     1
       Rpst.: Falchion   |     4 |    16 |    18 |    60 |       |       |       ||    98
       Demon blade       |       |       |       |    34 |       |    25 |       ||    59
       Long sword        |       |       |       |    13 |     2 |       |       ||    15
       Scimitar          |       |       |       |       |    25 |    21 |     1 ||    47
